 Dungeon Crawl Stone Soup version 0.24.1-14-gf8d2b509d9 (webtiles) character file.

Game seed: 3499638729989095274, levelgen mode: deterministic

335 tkbsonic5 the Magician (level 6, -2/41 HPs)
             Began as a Barachi Wizard on May 7, 2023.
             Was an Initiate of Ashenzari.
             Killed from afar by Dowan (22 damage)
             ... with a shard of ice
             ... on level 3 of the Dungeon on May 10, 2023.
             The game lasted 00:44:15 (5309 turns).

tkbsonic5 the Magician (Barachi Wizard)             Turns: 5309, Time: 00:44:16

Health: -2/41      AC:  5    Str:  8    XL:     6   Next: 53%
Magic:  2/10       EV: 12    Int: 20    God:    Ashenzari [......]
Gold:   155        SH:  4    Dex: 11    Spells: 1/12 levels left

rFire    . . .     SeeInvis .   h - +1 hunting sling {Randi Rhodes Spitting Facts}
rCold    . . .     Gourm    .   (no shield)
rNeg     . . .     Faith    .   a - +0 robe
rPois    .         Spirit   .   b - +0 hat
rElec    .         Reflect  .   C - +1 cloak {+Inv} (curse)
rCorr    .         Harm     .   (no gloves)
MR       .....                  A - +0 pair of boots
Stlth    ++........             (no amulet)
HPRegen  0.13/turn              (no ring)
MPRegen  0.12/turn              (no ring)

@: slow
A: +LOS, swims, claws 1, large bone plates 1, low mp 1, slowness 1, no potion
heal 1, strong legs 1
a: Hop, Curse Item, Renounce Religion, Evoke Invisibility


You were on level 3 of the Dungeon.
You worshipped Ashenzari.
Ashenzari was noncommittal.
You were not hungry.

You visited 1 branch of the dungeon, and saw 4 of its levels.

You collected 155 gold pieces.

Inventory:

Hand Weapons
 c - a +4 quarterstaff of chaos
 g - a +0 club
 h - a +1 hunting sling (weapon) {Randi Rhodes Spitting Facts}
 m - a +0 hand axe
 r - a +0 short sword
 x - a +0 trident
 B - a +2 dagger of freezing
 F - a +0 long sword
Missiles
 j - 11 poisoned darts
 n - 3 javelins
 p - 14 sling bullets (quivered)
 t - 4 atropa-tipped darts
 z - 16 bolts
Armour
 a - a +0 robe (worn)
 b - a +0 hat (worn)
 w - a +0 cloak
 A - a +0 pair of boots (worn)
 C - a cursed +1 cloak of invisibility (worn)
Scrolls
 q - a scroll of blinking
 E - a scroll of magic mapping
Potions
 e - 3 potions of mutation
 f - a potion of degeneration {unknown}
 i - a potion of cancellation
 k - a potion of curing
 l - 3 potions of heal wounds
 o - a potion of agility {unknown}
 u - a potion of brilliance {unknown}
 D - a potion of berserk rage {unknown}
Comestibles
 d - 2 rations


   Skills:
 * Level 1.9 Slings
 - Level 2.1 Dodging
 - Level 1.7 Stealth
 + Level 3.9 Spellcasting
 * Level 3.7 Conjurations
 + Level 2.3 Summonings
 + Level 2.2 Translocations
 * Level 2.1 Air Magic
 * Level 2.2 Poison Magic
 * Level 1.2 Evocations


You had one spell level left.
You knew the following spells:

 Your Spells              Type           Power        Failure   Level  Hunger
a - Magic Dart            Conj           ###.         2%          1    None
b - Call Imp              Summ           ##......     8%          2    ##.....
c - Blink                 Tloc           N/A          8%          2    ##.....
d - Mephitic Cloud        Conj/Pois/Air  ##......     13%         3    ###....
e - Conjure Flame         Conj/Fire      ##......     19%         3    ###....

Your spell library contained the following spells:

 Spells                   Type           Power        Failure   Level  Hunger
 Slow                     Hex            #.......     21%         2    ##.....


Dungeon Overview and Level Annotations

Branches:
Dungeon (4/15)
 Temple: D:4-7

Altars:
Ashenzari
Cheibriados
Dithmenos
Nemelex Xobeh
Okawaru
Qazlal
Ru
Sif Muna
Yredelemnul

Annotations:
D:3 Dowan
D:4 Robin


Innate Abilities, Weirdness & Mutations

Shadows flee at your approach. (+LOS)
You can swim through water.
You cover ground slowly.
You can hop short distances.
You have sharp fingernails.
You are partially covered in large bone plates. (SH +4)
Your magical capacity is low. (-10% MP)
Potions are less effective at restoring your health.


Message History

Firing (i - inventory. (/) - cycle)
p - 16 sling bullets (quivered)
Press: ? - help, Shift-Dir - straight line, f/p - Dowan
Aim: Dowan, wielding a +0 dagger and wearing a +0 robe (almost dead)
You shoot a sling bullet. The sling bullet closely misses Dowan.
Dowan completely misses you.
Firing (i - inventory. (/) - cycle)
p - 15 sling bullets (quivered)
Press: ? - help, Shift-Dir - straight line, f/p - Dowan
Aim: Dowan, wielding a +0 dagger and wearing a +0 robe (almost dead)
You shoot a sling bullet. The sling bullet closely misses Dowan.
Dowan gestures at you while chanting. The shard of ice hits you!!
Ouch! That really hurt!
* * * LOW HITPOINT WARNING * * *
You are too injured to fight recklessly!
Your system partially rejects the healing.
You feel much better. Dowan casts a spell at you. The shard of ice hits you!!
Ouch! That really hurt!
You die...

#..# #..##.
######.### #.###.
#........# #.# ##
#........# ####.####
#........# #....##..
#........###........
#........)..........
#...)....#########..
#>.@e...(# #>.
#..(.....# #..
#..(..[..# ###
########## ## ##.
#.. #.. #.# #..


You could see Dowan.

Vanquished Creatures
  Crazy Yiuf (D:2)
  Jessica (D:2)
  A worker ant (D:3)
  3 gnolls (D:2)
  4 adders
  3 river rats (D:3)
  2 oozes
  4 worms
  A dart slug (D:2)
  3 leopard geckos
  5 orcs (D:3)
  A ball python (D:2)
  5 bats
  3 giant cockroaches
  11 hobgoblins
  2 jackals (D:2)
  3 kobolds
  A quokka (D:3)
  3 frilled lizards
  9 goblins
  9 rats
75 creatures vanquished.

Vanquished Creatures (collateral kills)
  Duvessa (D:4)
  A gnoll (D:2)
  An adder (D:4)
  A dart slug (D:1)
  A leopard gecko (D:2)
  A goblin (D:1)
  5 jackals
  A frilled lizard (D:1)
12 creatures vanquished.

Grand Total: 87 creatures vanquished

Notes
Turn   | Place    | Note
-------+----------+-------------------------------------------
     0 | D:1      | tkbsonic5 the Barachi Wizard began the quest for the Orb.
     0 | D:1      | Reached XP level 1. HP: 13/13 MP: 4/4
   229 | D:1      | Reached XP level 2. HP: 19/19 MP: 3/6
   233 | D:1      | Learned a level 2 spell: Call Imp
   236 | D:1      | Learned a level 2 spell: Blink
  1331 | D:1      | Reached XP level 3. HP: 23/24 MP: 0/8
  1400 | D:1      | Learned a level 3 spell: Mephitic Cloud
  2037 | D:2      | Found a runed translucent door.
  2038 | D:2      | Noticed Crazy Yiuf
  2137 | D:2      | Reached XP level 4. HP: 19/30 MP: 0/9
  2300 | D:2      | Found a snail-covered altar of Cheibriados.
  2316 | D:2      | Reached skill level 1 in Poison Magic
  2335 | D:2      | Reached skill level 1 in Slings
  2335 | D:2      | Reached skill level 1 in Air Magic
  2429 | D:2      | Found a stormy altar of Qazlal.
  2431 | D:2      | Found a shattered altar of Ashenzari.
  2440 | D:2      | Became a worshipper of Ashenzari the Shackled
  2635 | D:2      | Found a sacrificial altar of Ru.
  2741 | D:2      | Found a basalt altar of Yredelemnul.
  2808 | D:2      | Noticed Jessica
  2818 | D:2      | Killed Jessica
  2818 | D:2      | Reached XP level 5. HP: 35/35 MP: 6/10
  3120 | D:2      | Killed Crazy Yiuf
  3305 | D:3      | Found a shimmering blue altar of Sif Muna.
  3438 | D:3      | Found a shadowy altar of Dithmenos.
  3440 | D:3      | Found an iron altar of Okawaru.
  3574 | D:3      | Found a sparkling altar of Nemelex Xobeh.
  3705 | D:3      | Learned a level 3 spell: Conjure Flame
  3782 | D:3      | Reached XP level 6. HP: 32/41 MP: 8/11
  4357 | D:4      | Noticed Duvessa
  4380 | D:3      | Reached skill level 1 in Evocations
  4394 | D:3      | HP: 2/41 [poisoned by a worker ant]
  4402 | D:3      | HP: 1/41 [poisoned by a worker ant]
  4887 | D:4      | Noticed Dowan
  5230 | D:4      | Noticed Robin
  5274 | D:4      | Killed Duvessa
  5295 | D:3      | Gained mutation: You have sharp fingernails. [potion of
                  | mutation]
  5295 | D:3      | Gained mutation: Potions are less effective at restoring
                  | your health. [potion of mutation]
  5295 | D:3      | Gained mutation: Your magical capacity is low. (-10% MP)
                  | [potion of mutation]
  5295 | D:3      | Gained mutation: You are partially covered in large bone
                  | plates. (SH +4) [potion of mutation]
  5309 | D:3      | Killed from afar by Dowan

Levels and vault maps discovered:
D:1:      lemuel_arrival_hallway, layout_basic, serial_glass, glass_columns_b,
          glass_columns_a, nrook_campfire, kennysheep_minor_cross
D:2:      layout_basic, nicolae_ru_great_annihilating_truth, minitemple,
          lemuel_doored_altar, uniq_crazy_yiuf_cottage, uniq_jessica
D:3:      layout_rooms, okawaru_ov_weapons_minmay, lemuel_blue_sif_altar,
          nemelex_altar_shiori, gup_sewer_entry_spiral, grunt_dithmenos_smoke
D:4:      layout_cave_pods, minmay_temple_entry_overgrown, uniq_blork_the_orc,
          uniq_robin, uniq_grinder, uniq_duvessa

Skill      XL: |  1  2  3  4  5  6 |
---------------+-------------------+-----
Conjurations   | 2 3 |  3.7
Poison Magic   | 1 2 |  2.2
Slings         | 1 |  1.9
Air Magic      | 1 2 |  2.1
Summonings     | 2 |  2.3
Translocations | 2 |  2.2
Evocations     | 1 |  1.2
Dodging        | |  2.1
Stealth        | |  1.7
Spellcasting   | |  3.9

Action                   |  1- 3 |  4- 6 || total
-------------------------+-------+-------++-------
Melee: Club              |     8 |       ||     8
       Short sword       |     2 |       ||     2
       Hand axe          |     1 |       ||     1
 Fire: Hunting sling     |    24 |   154 ||   178
 Cast: Magic Dart        |    69 |    20 ||    89
       Call Imp          |    11 |    10 ||    21
       Blink             |     5 |    11 ||    16
       Mephitic Cloud    |     2 |    18 ||    20
       Conjure Flame     |       |     5 ||     5
Invok: Curse Item        |       |     1 ||     1
 Abil: Hop               |     1 |     2 ||     3
  Use: Scroll            |     1 |     8 ||     9
       Potion            |       |     6 ||     6
  Eat: Chunk             |     5 |     6 ||    11
       Ration            |       |     3 ||     3
Armor: Robe              |     7 |    10 ||    17
Dodge: Dodged            |    30 |    44 ||    74
